 Dungeon Crawl Stone Soup version 0.31.0-9-g3a7656b989 (webtiles) character file.

Game seed: 3099067858711937019

53 qw the Shooter (level 3, -3/20 HPs)
             Began as a Deep Elf Hunter on Feb 2, 2024.
             Killed from afar by Natasha (9 damage)
             ... with a puff of flame
             ... on level 2 of the Dungeon.
             The game lasted 00:00:05 (1449 turns).

qw the Shooter (Deep Elf Hunter)                    Turns: 1449, Time: 00:00:06

Health: -3/20      AC:  6    Str: 10    XL:     3   Next: 62%
Magic:  5/5        EV:  9    Int: 13    God:
Gold:   85         SH:  0    Dex: 18    Spells: 2/2 levels left

rFire   . . .        a - +1 shortbow
rCold   . . .        (shield currently unavailable)
rNeg    . . .        m - +0 scale mail
rPois   .            (no helmet)
rElec   .            (no cloak)
rCorr   .            (no gloves)
SInv    .            (no boots)
Will    .....        (no amulet)
Stlth   +            (no ring)
HPRegen 0.23/turn    (no ring)
MPRegen 0.09/turn

%: no passive effects
@: slowed, very slow
A: no striking features
a: no special abilities


You were on level 2 of the Dungeon.
You visited 1 branch of the dungeon, and saw 2 of its levels.

You collected 85 gold pieces.


   Skills:
 - Level 1.5 Fighting
 + Level 7.1 Ranged Weapons
 - Level 2.4 Dodging
 - Level 1.2 Stealth


You had 2 spell levels left.
You didn't know any spells.
Your spell library was empty.

Inventory:

Hand Weapons
 a - a +1 shortbow (weapon)
Armour
 b - a +0 pair of gloves
 m - a +0 scale mail (worn)
Scrolls
 i - a scroll of teleportation
Potions
 g - a potion of mutation

Dungeon Overview and Level Annotations

Branches:
Dungeon (2/15)

Altars:
Elyvilon

Shops:
D:2 :

Annotations:
D:2 Natasha


Message History

The adder completely misses you. The adder bites you but does no damage.
You shoot an arrow. The arrow hits the adder!
You kill the adder!
Found a chain mail.
Found a stone staircase leading down.
Found a stone staircase leading down.
You see here a +0 chain mail.
There is a stone staircase leading down here.
There is a stone staircase leading down here.
Natasha, Servant of Life and Death comes into view.
She is carrying a wand of flame.
You shoot an arrow. The arrow hits Natasha.
Natasha is moderately wounded.
Natasha mumbles some strange words.
Natasha shimmers violently.
Natasha casts a spell.
Natasha casts a spell at you.
You feel yourself slow down.
You shoot an arrow. The arrow closely misses Natasha.
The arrow hits the cerulean imp!
The cerulean imp is severely wounded.
You shoot an arrow. The arrow barely misses Natasha.
The arrow misses the cerulean imp.
You shoot an arrow. The arrow closely misses Natasha.
The arrow hits the cerulean imp.
You kill the cerulean imp!
The cerulean imp disappears in a puff of smoke!
Natasha claws you. Natasha claws you but does no damage.
You shoot an arrow. The arrow misses Natasha.
Natasha casts a spell at you.
You feel as though you will be slow longer.
Natasha zaps a wand.
The puff of flame hits you!
You shoot an arrow. The arrow hits Natasha.
Natasha is moderately wounded.
Natasha claws you but does no damage.
Natasha zaps a wand.
The puff of flame hits you.
You shoot an arrow. The arrow hits Natasha.
Natasha is heavily wounded.
Natasha zaps a wand.
The puff of flame hits you.
Natasha zaps a wand.
The puff of flame hits you!
You die...
Natasha begins licking her fur clean.

# #.#....##.# #
#.......... #
###[##.#### #
#...># #
####.######## #
#.>.......
#.######## #.
#.############. #g
#......@h...... #.
###..########## #.
#..# #. #..# #.
#..# #. .# #..#
#####. .# #..#
###########..... .#
#..#
#........g..#### .#
#..####.########..#


You could see Natasha.

Vanquished Creatures
  A gnoll (D:1)
  An adder (D:2)
  3 ball pythons (D:1)
  2 bats (D:1)
  3 endoplasms (D:1)
  A giant cockroach (D:1)
  7 hobgoblins
  3 jackals (D:1)
  4 kobolds
  3 quokkas
  2 rats (D:1)
30 creatures vanquished.

Notes
Turn   | Place    | Note
-------+----------+-------------------------------------------
     0 | D:1      | qw the Deep Elf Hunter began the quest for the Orb.
     0 | D:1      | Reached XP level 1. HP: 12/12 MP: 3/3
     0 | D:1      | 0 ||| qw: Version: 0.3-a-155-g5e7d8dd
     0 | D:1      | 0 ||| qw: Game counter: 1195
     0 | D:1      | 0 ||| qw: Melee chars always use a shield: true
     0 | D:1      | 0 ||| qw: God list: Okawaru
     0 | D:1      | 0 ||| qw: Allow faded altars: false
     0 | D:1      | 0 ||| qw: Do Orc after clearing Dungeon:15 true
     0 | D:1      | 0 ||| qw: Do second Lair branch before Depths: true
     0 | D:1      | 0 ||| qw: Lair rune preference: random
     0 | D:1      | 0 ||| qw: Goals: Normal
     0 | D:1      | 0 ||| PLANNING D:1-11
    84 | D:1      | Reached XP level 2. HP: 16/16 MP: 4/4
    89 | D:1      | Reached skill level 6 in Ranged Weapons
   215 | D:1      | Reached XP level 3. HP: 20/20 MP: 5/5
   668 | D:1      | You fall into a shaft and drop 1 floor!
   807 | D:2      | Found a faded altar of an unknown god.
   880 | D:2      | 880 ||| UPGRADING to +0 scale mail.
   892 | D:2      | 892 ||| DROPPING +0 leather armour.
   893 | D:2      | 893 ||| READING 5 scrolls labelled UME ACHEMEMI.
   893 | D:2      | 893 ||| IDENTIFYING amethyst potion
   894 | D:2      | 894 ||| READING 4 scrolls of identify.
   894 | D:2      | 894 ||| IDENTIFYING bubbling purple potion
   895 | D:2      | 895 ||| READING 3 scrolls of identify.
   895 | D:2      | 895 ||| IDENTIFYING clear potion
   896 | D:2      | 896 ||| READING 2 scrolls of identify.
   896 | D:2      | 896 ||| IDENTIFYING scroll labelled JEGIRA DIEL
   897 | D:2      | 897 ||| READING scroll of identify.
   897 | D:2      | 897 ||| IDENTIFYING scroll labelled WYHIER YBASKUR WOKK
   898 | D:2      | 898 ||| READING 2 scrolls labelled UTURIM NEORA.
   902 | D:2      | 902 ||| READING scroll labelled MUIXKO ZEDEA.
   903 | D:2      | 903 ||| READING scroll labelled OLERYS GEPIEFA.
   903 | D:2      | 903 ||| ENCHANTING +0 shortbow.
   904 | D:2      | 904 ||| DROPPING scroll of butterflies.
   905 | D:2      | 905 ||| DROPPING potion of berserk rage.
   906 | D:2      | 906 ||| DROPPING scroll of fear.
   907 | D:2      | 907 ||| DROPPING potion of brilliance.
   908 | D:2      | 908 ||| DROPPING scroll of blinking.
   923 | D:2      | 923 ||| FLEEEEING.
   929 | D:2      | 929 ||| FLEEEEING.
   930 | D:2      | 930 ||| FLEEEEING.
   931 | D:2      | 931 ||| FLEEEEING.
   932 | D:2      | 932 ||| FLEEEEING.
   933 | D:2      | 933 ||| FLEEEEING.
   934 | D:2      | 934 ||| FLEEEEING.
   935 | D:2      | 935 ||| FLEEEEING.
  1376 | D:2      | Reached skill level 7 in Ranged Weapons
  1377 | D:2      | Found a white marble altar of Elyvilon.
  1397 | D:2      | Found Zifyotu's Book Boutique.
  1442 | D:2      | Noticed Natasha
  1449 | D:2      | Killed from afar by Natasha

Levels and vault maps discovered:
D:1:      dpeg_arrival_shrine, layout_basic, dk_noncrumbling_3
D:2:      layout_loops_ring, chequers_ecumenical_altar_simple_redux,
          serial_shops, shop, basic_altar, uniq_sigmund, uniq_natasha

Skill      XL: |  1  2  3 |
---------------+----------+-----
Ranged Weapons | 6 7 |  7.1
Fighting       | |  1.5
Dodging        | |  2.4
Stealth        | |  1.2

Action                     || total
---------------------------++-------
   Fire: Shortbow          ||    86
    Use: Scroll            ||     8
 Armour: Leather armour    ||     6
         Scale mail        ||    18
  Dodge: Dodged            ||     9

Table legend:
 A = Non-vault XP
 B = Vault XP
 C = Vault XP percentage of total XP
 D = Non-vault monster count
 E = Vault monster count
 F = Vault count percentage of total count
                 A         B        C        D         E       F
            +---------+---------+-------+---------+---------+-------
      Total |      76 |       0 |   0.0 |      30 |       0 |   0.0
            +---------+---------+-------+---------+---------+-------
        D:1 |      51 |       0 |   0.0 |      23 |       0 |   0.0
        D:2 |      25 |       0 |   0.0 |       7 |       0 |   0.0
            +---------+---------+-------+---------+---------+-------
